 Dungeon Sprint DCSS version 0.17.0-27-g4a3f43e (webtiles) character file.

871 oplop the Fighter (level 7, -3/106 (109) HPs)
             Began as a Minotaur Berserker on Nov 21, 2015.
             Was an Elder of Trog.
             Slain by a polar bear (5 damage)
             ... in the Dungeon (Sprint II: "The Violet Keep of Menkaure").
             The game lasted 00:02:47 (739 turns).

oplop the Fighter (Minotaur Berserker)               Turns: 739, Time: 00:02:47

HP:   -3/106 (109)  AC:  2    Str: 28    XL:     7   Next: 73%
MP:   6/6           EV: 16    Int:  4    God:    Trog [****..]
Gold: 800           SH:  0    Dex: 10    Spells: 0 memorised, 6 levels left

rFire  . . .     SeeInvis .     l - +2 war axe (elec)
rCold  . . .     Clarity  .     b - +0 animal skin
rNeg   . . .     SustAt   .     (no shield)
rPois  .         Gourm    .     (helmet restricted)
rElec  .         Spirit   .     (no cloak)
rCorr  .         Warding  .     (no gloves)
rMut   .         NoTele   +     (no boots)
MR     .....                    (no amulet)
Stlth  ..........               (no ring)
                                (no ring)

@: berserking, very quick, not resistant to hostile enchantments, extremely
unstealthy
A: retaliatory headbutt, horns 2
a: Berserk, Trog's Hand, Brothers in Arms, Burn Spellbooks, Renounce Religion


You were in the Dungeon.
You worshipped Trog.
Trog was greatly pleased with you.
You were hungry.

You visited 1 branch You collected 972 gold pieces.
You spent 172 gold pieces at shops.

Inventory:

Hand Weapons
 a - a +0 hand axe
 l - a +2 war axe of electrocution (weapon)
Missiles
 j - 6 javelins of returning (quivered)
Armour
 b - a +0 animal skin (worn)
Scrolls
 i - a scroll of blinking
Potions
 d - 4 potions of curing
 e - a potion of heal wounds
 f - a potion of haste
 g - 2 potions of magic
 h - a potion of berserk rage
Comestibles
 c - a bread ration
 k - 6 chunks of flesh


   Skills:
 + Level 10.8 Fighting
 + Level 10.7 Axes
 + Level 2.1 Throwing
 - Level 10.0 Armour
 + Level 9.6 Dodging


You had 6 spell levels left.
You didn't know any spells.

Dungeon Overview and Level Annotations

Branches:
Dungeon (1/1)

Altars:
Cheibriados
Dithmenos
Elyvilon
Fedhas
Gozag
Makhleb
Nemelex Xobeh
Qazlal
Sif Muna
Xom
Zin
The Shining One
Jiyva
Lugonu

Shops:
D !::%==[![}(}[(?%

Annotations:
D exclusions: ice statue and oklob plant


Innate Abilities, Weirdness & Mutations

You reflexively headbutt those who attack you in melee.
You have a pair of horns on your head.


Message History

The helpless polar bear fails to defend itself.
You slice the polar bear!!
The polar bear is heavily wounded.
The large slime creature hits you!!
The polar bear struggles against the net.
The net rips apart, and the polar bear comes free!
You hit the polar bear.
The polar bear is heavily wounded.
You barely miss the polar bear. You slash the slime creature!
There is a sudden explosion of sparks!
The slime creature is severely wounded.
You slash the large slime creature!
There is a sudden explosion of sparks!
The large slime creature is heavily wounded.
The slime creature hits you!! The large slime creature hits you!!
* * * LOW HITPOINT WARNING * * *
The polar bear bites you!
* * * LOW HITPOINT WARNING * * *
The polar bear claws you but does no damage.
The polar bear claws you.
You die...

... .. ##+##.. #.
#.#.##.#### +.### ..#..#
...# ...#
#...####..#####..#
##'###.##..#..'..#
##.##.###..# #..# #
'.<.'##.'..####JJ##y#
##.##...#....###@hc##▓▓
##'###.##......≈≈h≈≈≈≈≈≈
#...####≈≈.....≈#+######
..##.#≈≈≈≈≈≈≈..≈#.......
###.##≈§≈≈≈§≈≈.≈#._.⌠...
# +##≈≈≈§§§§§§≈≈#_._._..
≈ ≈≈≈≈≈≈≈§§§≈≈≈#._._._.
+++#≈≈≈§§§≈§≈#_._._._
≈≈≈###§≈#._._._


You could see a large slime creature, a slime creature, 2 polar bears, a yaktaur
and a wasp (wandering).

Vanquished Creatures
  4 necrophages (D)
  2 crocodiles (D)
  4 brain worms (D)
  4 worker ants (D)
  3 worms (D)
17 creatures vanquished.

Vanquished Creatures (others)
  Menkaure (D)
1 creature vanquished.

Grand Total: 18 creatures vanquished

Notes
Turn   | Place    | Note
--------------------------------------------------------------
     0 | D        | oplop the Minotaur Berserker began the quest for the Orb.
     0 | D        | Reached XP level 1. HP: 19/19 MP: 0/0
     8 | D        | Reached skill level 4 in Fighting
    13 | D        | Reached ** piety under Trog
    15 | D        | Reached XP level 2. HP: 21/28 MP: 1/1
    21 | D        | Noticed a crocodile
    38 | D        | Killed Menkaure
   158 | D        | Noticed a brain worm
   158 | D        | Noticed a brain worm
   158 | D        | Noticed a brain worm
   158 | D        | Noticed a brain worm
   162 | D        | Killed a brain worm
   162 | D        | Reached skill level 6 in Fighting
   162 | D        | Reached skill level 5 in Axes
   162 | D        | Reached skill level 5 in Armour
   162 | D        | Reached XP level 3. HP: 37/37 MP: 2/2
   162 | D        | Reached XP level 4. HP: 44/44 MP: 3/3
   164 | D        | Killed a brain worm
   164 | D        | Reached skill level 7 in Fighting
   164 | D        | Reached skill level 5 in Dodging
   164 | D        | Reached XP level 5. HP: 52/52 MP: 4/4
   165 | D        | Killed a brain worm
   165 | D        | Reached *** piety under Trog
   166 | D        | Killed a brain worm
   166 | D        | Reached skill level 8 in Fighting
   166 | D        | Reached XP level 6. HP: 60/62 MP: 5/5
   202 | D        | Noticed a necrophage
   202 | D        | Noticed a necrophage
   202 | D        | Noticed a necrophage
   202 | D        | Noticed a necrophage
   209 | D        | Killed a necrophage
   209 | D        | Reached skill level 9 in Fighting
   211 | D        | Killed a necrophage
   215 | D        | Killed a necrophage
   215 | D        | Reached XP level 7. HP: 63/69 MP: 6/6
   218 | D        | Killed a necrophage
   218 | D        | Reached skill level 10 in Fighting
   218 | D        | Reached skill level 10 in Axes
   380 | D        | Noticed a worker ant
   380 | D        | Noticed a worker ant
   384 | D        | Killed a worker ant
   388 | D        | Killed a worker ant
   388 | D        | Reached **** piety under Trog
   388 | D        | Received a gift from Trog
   389 | D        | Noticed a worker ant
   389 | D        | Noticed a worker ant
   395 | D        | Killed a worker ant
   397 | D        | Killed a worker ant
   397 | D        | Reached skill level 10 in Armour
   575 | D        | Found Govouvo's Antique Weapon Emporium.
   575 | D        | Found Ver Urie's Food Emporium.
   575 | D        | Found Yruufino's Gadget Shoppe.
   575 | D        | Found Zufoick's Antique Armour Shoppe.
   575 | D        | Found Biaqiphe's Magic Scroll Shoppe.
   575 | D        | Found Toatwiad's Antique Armour Emporium.
   575 | D        | Found Igemut's Gadget Emporium.
   575 | D        | Found Loumegil's Distillery.
   576 | D        | Noticed a crocodile
   585 | D        | Killed a crocodile
   585 | D        | Reached skill level 1 in Throwing
   659 | D        | Found Ytros's Antique Armour Emporium.
   659 | D        | Found Kazxirr's Jewellery Shoppe.
   659 | D        | Found Ruigoq's Jewellery Shoppe.
   660 | D        | Found Caocytog's Antique Weapon Emporium.
   660 | D        | Noticed an iron elemental
   661 | D        | Found Tomyopn's Food Shoppe.
   661 | D        | Found Sagovyu's Book Emporium.
   661 | D        | Noticed an oklob plant
   662 | D        | Found Podd's Distillery.
   662 | D        | Found Xuam Zesa's Book Shoppe.
   663 | D        | Noticed a hippogriff
   663 | D        | Noticed a hippogriff
   664 | D        | Noticed a hippogriff
   671 | D        | Noticed a shining eye
   672 | D        | Noticed a shining eye
   675 | D        | Bought a glowing war axe for 73 gold pieces
   681 | D        | Bought 2 potions of curing for 66 gold pieces
   681 | D        | Bought a potion of curing for 33 gold pieces
   706 | D        | Noticed an ice statue
   720 | D        | Found a deep blue altar of Sif Muna.
   720 | D        | Found a corrupted altar of Lugonu.
   721 | D        | Found a glowing silver altar of Zin.
   721 | D        | Found an opulent altar of Gozag.
   725 | D        | Killed a crocodile
   726 | D        | Found a viscous altar of Jiyva.
   726 | D        | Found a shadowy altar of Dithmenos.
   727 | D        | Found a sparkling altar of Nemelex Xobeh.
   727 | D        | Found a shimmering altar of Xom.
   727 | D        | Found a snail-covered altar of Cheibriados.
   728 | D        | Found a stormy altar of Qazlal.
   728 | D        | Found a blossoming altar of Fedhas.
   729 | D        | Found a white marble altar of Elyvilon.
   729 | D        | Found a glowing golden altar of the Shining One.
   730 | D        | Found a burning altar of Makhleb.
   733 | D        | Noticed a slime creature
   733 | D        | Noticed a slime creature
   735 | D        | Noticed a polar bear
   737 | D        | Noticed a polar bear
   738 | D        | Noticed a yaktaur
   739 | D        | HP: 2/106 [polar bear (17)]
   739 | D        | Slain by a polar bear

Action                   |  1- 3 |  4- 6 |  7- 9 || total
-------------------------+-------+-------+-------++-------
Melee: Hand axe          |    12 |    16 |    26 ||    54
       War axe           |       |       |     7 ||     7
Invok: Berserk           |     2 |     1 |     1 ||     4
 Stab: Held in net/web   |       |       |     1 ||     1
  Eat: Chunk             |       |       |     2 ||     2
